 Dungeon Crawl Stone Soup version 0.29.0-4-gdea44cf6ec (webtiles) character file.

Game seed: 9450344704735567581

278 qw the Chopper (level 6, -2/47 HPs)
             Began as a Formicid Cinder Acolyte on Sept 4, 2022.
             Was an Elder of Ignis.
             Slain by an ogre
             ... wielding a +0 giant spiked club
              (28 damage)
             ... on level 3 of the Dungeon.
             The game lasted 00:01:06 (3438 turns).

qw the Chopper (Formicid Cinder Acolyte)            Turns: 3438, Time: 00:01:07

Health: -2/47      AC:  8    Str: 21    XL:     6   Next: 51%
Magic:  7/7        EV:  7    Int: 13    God:    Ignis [****..]
Gold:   120        SH:  3    Dex:  9    Spells: 7/7 levels left

rFire   + . .      SeeInvis +   Y - -1 hand axe (flame)
rCold   . . .      Faith    .   c - +0 buckler
rNeg    . . .      Spirit   .   h - +0 chain mail
rPois   .          Reflect  .   (helmet unavailable)
rElec   .          Harm     .   (no cloak)
rCorr   .          Rampage  .   (no gloves)
Will    .....                   (no boots)
Stlth   ..........              (no amulet)
HPRegen 0.15/turn               (no ring)
MPRegen 0.10/turn               (no ring)

@: no status effects
A: permanent stasis, dig shafts and tunnels, antennae 3, four strong arms
a: Dig, Shaft Self, Renounce Religion, Fiery Armour, Foxfire Swarm, Rising Flame


You were on level 3 of the Dungeon.
You worshipped Ignis.
Ignis was greatly pleased with you.
You visited 1 branch of the dungeon, and saw 3 of its levels.

You collected 120 gold pieces.


Innate Abilities, Weirdness & Mutations

You cannot be hasted, slowed, berserked, paralysed or teleported.
You can dig through walls and to a lower floor.
You have a pair of large antennae on your head. (SInv)
Your four strong arms can wield two-handed weapons with a shield.


   Skills:
 - Level 3.2 Fighting
 - Level 6.0 Axes
 - Level 2.1 Armour
 - Level 0.6 Dodging
 + Level 2.1 Shields
 - Level 1.1 Spellcasting
 - Level 3.0 Fire Magic


You had 7 spell levels left.
You didn't know any spells.
Your spell library contained the following spells:

 Spells                   Type           Power      Damage    Failure   Level
 Scorch                   Fire           16%        2d6       83%         2

Inventory:

Hand Weapons
 Y - a -1 hand axe of flaming (weapon)
Armour
 a - a +0 pair of boots
 c - a +0 buckler (worn)
 h - a +0 chain mail (worn)
Jewellery
 b - an amulet of the acrobat
Scrolls
 d - 2 scrolls of identify {unknown}
 i - a scroll of silence {unknown}
Potions
 e - a potion of mutation {unknown}
 f - a potion of degeneration {unknown}
 g - 3 potions of curing
 j - a potion of berserk rage {unknown}
 k - a potion of invisibility {unknown}
 l - 2 potions of heal wounds {unknown}
 m - a potion of resistance {unknown}

Dungeon Overview and Level Annotations

Branches:
Dungeon (3/15)

Altars:
Cheibriados
Gozag

Annotations:
D:3 3 runed translucent doors, qw's ghost, amateur FoCA


Message History

The phantom hits you but does no damage.
You hit the phantom but do no damage.
The phantom is almost destroyed.
The phantom hits you but does no damage.
You completely miss the phantom.
The phantom is almost destroyed.
The phantom barely misses you.
You miss the phantom.
The phantom is almost destroyed.
The phantom hits you.
You barely miss the phantom.
The phantom is almost destroyed.
The phantom barely misses you.
You hit the phantom. You burn the phantom.
The phantom is almost destroyed.
The phantom hits you but does no damage.
You hit the phantom. You burn the phantom.
You destroy the phantom!
Your Axes skill increases to level 6!
You start resting.
HP restored.
An ogre comes into view. It is wielding a +0 giant spiked club.
The ogre shouts!
Enter note:
Enter note: The ogre closely misses you.
You hit the ogre but do no damage. You hit the ogre. You burn the ogre.
The ogre is lightly wounded.
The ogre barely misses you.
You hit the ogre but do no damage.
The ogre is lightly wounded.
The ogre hits you with a +0 giant spiked club!!
You hit the ogre. You burn the ogre.
The ogre is moderately wounded.
You hit the ogre. You burn the ogre.
The ogre is heavily wounded.
The ogre hits you with a +0 giant spiked club!!
Ouch! That really hurt!
You die...

.......)................
....####.#####.....#####
######### #.## #####.#
#.......####..## #.#
#......<.......# #.#
##############.# #.# {{
#....# #.# ##.### #.##
#@## #..## #.O# ##..# {
#.## ##.# { ..# #.# #.#
#.# .## #.## . #..#
####### ##.# #.....#
##.##


You could see an ogre.

Vanquished Creatures
  A phantom (D:3)
  A gnoll bouda (D:3)
  Terence (D:2)
  6 gnolls
  3 adders
  A worm (D:2)
  A dart slug (D:3)
  2 orcs (D:3)
  4 ball pythons (D:1)
  8 bats
  4 giant cockroaches
  7 goblins
  3 hobgoblins
  3 quokkas
  2 frilled lizards
  8 kobolds
  3 rats
58 creatures vanquished.

Vanquished Creatures (others)
  4 plants (D:1)
4 creatures vanquished.

Grand Total: 62 creatures vanquished

Notes
Turn   | Place    | Note
-------+----------+-------------------------------------------
     0 | D:1      | qw the Formicid Cinder Acolyte began the quest for the Orb.
     0 | D:1      | Reached XP level 1. HP: 18/18 MP: 2/2
     0 | D:1      | 0 ||| qw: Version: 0.1-a-102-g441f92d
     0 | D:1      | 0 ||| qw: Game counter: 5327
     0 | D:1      | 0 ||| qw: Always use a shield: true
     0 | D:1      | 0 ||| qw: God list: Okawaru
     0 | D:1      | 0 ||| qw: Allow faded altars: false
     0 | D:1      | 0 ||| qw: Do Orc after D:15 true
     0 | D:1      | 0 ||| qw: Do second Lair branch before Depths: true
     0 | D:1      | 0 ||| qw: Lair rune preference: random
     0 | D:1      | 0 ||| qw: Plans: Normal
     0 | D:1      | 0 ||| PLANNING D:1-11
   190 | D:1      | 190 ||| Stepping ~*~*~tactically~*~*~ (stealth).
   195 | D:1      | 195 ||| INVOKING Fiery Armour.
   202 | D:1      | Reached XP level 2. HP: 13/24 MP: 3/3
   955 | D:1      | Reached skill level 4 in Axes
   955 | D:1      | Reached XP level 3. HP: 28/29 MP: 4/4
  1087 | D:1      | 1087 ||| Stepping ~*~*~tactically~*~*~ (stealth).
  1296 | D:1      | 1296 ||| UPGRADING to +0 buckler.
  1301 | D:1      | 1301 ||| UPGRADING to +0 scale mail.
  1311 | D:1      | 1311 ||| DROPPING +0 robe.
  1467 | D:2      | 1467 ||| Stepping ~*~*~tactically~*~*~ (hiding).
  1475 | D:2      | Reached skill level 1 in Shields
  1583 | D:2      | 1583 ||| Stepping ~*~*~tactically~*~*~ (hiding).
  1584 | D:2      | 1584 ||| Stepping ~*~*~tactically~*~*~ (hiding).
  1585 | D:2      | 1585 ||| INVOKING Fiery Armour.
  1591 | D:2      | Reached skill level 1 in Armour
  1591 | D:2      | Reached XP level 4. HP: 32/35 MP: 5/5
  1879 | D:2      | 1879 ||| Stepping ~*~*~tactically~*~*~ (stealth).
  2123 | D:2      | Found a faded altar of an unknown god.
  2296 | D:2      | Noticed Terence
  2315 | D:2      | 2315 ||| INVOKING Fiery Armour.
  2320 | D:2      | Killed Terence
  2321 | D:2      | Reached XP level 5. HP: 20/41 MP: 6/6
  2553 | D:2      | Found an opulent altar of Gozag.
  2602 | D:2      | 2602 ||| UPGRADING to +0 chain mail.
  2612 | D:2      | 2612 ||| DROPPING +0 scale mail.
  2613 | D:2      | 2613 ||| DROPPING +1 ring mail of cold resistance.
  2614 | D:2      | 2614 ||| READING scroll labelled BAAGIA KUNOFF.
  2615 | D:2      | 2615 ||| DRINKING 4 green potions.
  2616 | D:2      | 2616 ||| DRINKING 3 metallic cyan potions.
  2617 | D:2      | 2617 ||| DROPPING 2 potions of attraction.
  2680 | D:3      | Reached skill level 5 in Axes
  2761 | D:3      | 2761 ||| INVOKING Fiery Armour.
  2777 | D:3      | Reached XP level 6. HP: 34/47 MP: 7/7
  3131 | D:3      | Found a snail-covered altar of Cheibriados.
  3244 | D:3      | Found a runed translucent gate.
  3244 | D:3      | Found a runed translucent gate.
  3244 | D:3      | Found a runed translucent gate.
  3244 | D:3      | Noticed qw's ghost (amateur FoCA)
  3347 | D:3      | Reached skill level 6 in Axes
  3428 | D:3      | Noticed an ogre
  3438 | D:3      | Slain by an ogre

Levels and vault maps discovered:
D:1:      dpeg_cavernosity, layout_basic, serial_forest,
          infiniplex_forest_clump_tiny, infiniplex_forest_3_way,
          infiniplex_forest_clump_curved, infiniplex_forest_fountain,
          infiniplex_forest_end_double, infiniplex_forest_end_double,
          infiniplex_forest_clump_C, serial_bayou_pond_d,
          minmay_misc_feat_nine_boxes, fountainhead, minmay_statues_item,
          minmay_pentomino_s2
D:2:      layout_loops_ring, basic_altar, ebering_ecumenical_altar_box,
          uniq_terence
D:3:      minmay_angry_zag, layout_basic, old_standard_altar, serial_forest,
          infiniplex_forest_end_2, infiniplex_forest_end_double,
          infiniplex_forest_lined_room_2, infiniplex_forest_straight_4,
          infiniplex_forest_clump_curved, infiniplex_forest_clump_small,
          ebering_ghost_rock_garden

Skill      XL: |  1  2  3  4  5  6 |
---------------+-------------------+-----
Axes           | 4 5 6 |  6.0
Shields        | 1 2 |  2.1
Armour         | 1 2 |  2.1
Fighting       | |  3.2
Dodging        | |  0.6
Spellcasting   | |  1.1
Fire Magic     | |  3.0

Action                   |  1- 3 |  4- 6 || total
-------------------------+-------+-------++-------
Melee: Hand axe          |    83 |   153 ||   236
Invok: Fiery Armour      |     2 |     2 ||     4
  Use: Potion            |       |     2 ||     2
       Scroll            |       |     1 ||     1
Armor: Robe              |    31 |       ||    31
       Scale mail        |     3 |    14 ||    17
       Chain mail        |       |    38 ||    38
Dodge: Dodged            |    44 |    66 ||   110
Block: Buckler           |       |    14 ||    14

Table legend:
 A = Non-vault XP
 B = Vault XP
 C = Vault XP percentage of total XP
 D = Non-vault monster count
 E = Vault monster count
 F = Vault count percentage of total count
                 A         B        C        D         E       F
            +---------+---------+-------+---------+---------+-------
      Total |     350 |      48 |  12.1 |      51 |       7 |  12.1
            +---------+---------+-------+---------+---------+-------
        D:1 |      28 |      10 |  26.3 |      16 |       6 |  27.3
        D:2 |     100 |      38 |  27.5 |      20 |       1 |   4.8
        D:3 |     222 |       0 |   0.0 |      15 |       0 |   0.0
            +---------+---------+-------+---------+---------+-------
